 Dungeon Crawl Stone Soup version 0.30-a0-561-g1b0378597e (webtiles) character file.

Game seed: 13811459394458023083

190 Bnni the Vexing (level 6, -13/45 HPs)
             Began as a Formicid Hexslinger on Dec 28, 2022.
             Engulfed by a cloud of flame (24 damage)
             ... on level 3 of the Dungeon.
             The game lasted 00:02:32 (2457 turns).

Bnni the Vexing (Formicid Hexslinger)               Turns: 2457, Time: 00:02:32

Health: -13/45     AC:  5    Str: 15    XL:     6   Next: 1%
Magic:  0/9        EV: 12    Int: 14    God:
Gold:   116        SH:  0    Dex: 14    Spells: 5/9 levels left

rFire   . . .      SeeInvis +    o - +0 shortbow
rCold   . . .      Faith    .    (no shield)
rNeg    . . .      Spirit   .    l - +2 robe {Will+}
rPois   .          Reflect  .    (helmet unavailable)
rElec   .          Harm     .    m - +0 cloak
rCorr   .          Rampage  .    (no gloves)
Will    +....                    (no boots)
Stlth   +                        (no amulet)
HPRegen 0.27/turn                (no ring)
MPRegen 0.11/turn                (no ring)

@: very slightly contaminated
A: permanent stasis, dig shafts and tunnels, antennae 3, four strong arms
a: Dig, Shaft Self


You were on level 3 of the Dungeon.
You visited 1 branch of the dungeon, and saw 3 of its levels.

You collected 116 gold pieces.

Inventory:

Hand Weapons
 a - a +1 sling
 o - a +0 shortbow (weapon)
Missiles
 i - 2 throwing nets
Armour
 l - a +2 robe of willpower (worn)
 m - a +0 cloak (worn)
Scrolls
 b - 3 scrolls of poison
 e - 5 scrolls of identify {unknown}
 f - a scroll of fear {unknown}
 h - 2 scrolls of immolation {unknown}
 n - a scroll of magic mapping {unknown}
Potions
 c - a potion of attraction {unknown}
 d - a potion of lignification {unknown}
 g - a potion of magic {unknown}
 j - a potion of degeneration {unknown}
 k - a potion of mutation {unknown}


   Skills:
 + Level 2.3 Fighting
 * Level 3.4 Ranged Weapons
 - Level 1.7 Dodging
 + Level 2.1 Spellcasting
 * Level 5.1 Hexes
 + Level 1.4 Fire Magic


You had 5 spell levels left.
You knew the following spells:

 Your Spells              Type           Power      Damage    Failure   Level
a - Slow                  Hex            64%        N/A       2%          1
b - Inner Flame           Hex/Fire       10%        N/A       19%         3

Your spell library contained the following spells:

 Spells                   Type           Power      Damage    Failure   Level
 Portal Projectile        Hex/Tloc       16%        N/A       24%         3
 Cause Fear               Hex            8%         N/A       28%         4


Dungeon Overview and Level Annotations

Branches:
Dungeon (3/15)

Altars:
Kikubaaqudgha

Shops:
D:1 (


Innate Abilities, Weirdness & Mutations

You cannot be hasted, slowed, berserked, paralysed or teleported.
You can dig through walls and to a lower floor.
You have a pair of large antennae on your head. (SInv)
Your four strong arms can wield two-handed weapons with a shield.


Message History

Terence the Incautious comes into view.
He is wielding a +0 short sword.
You shoot an arrow. The arrow closely misses the orc.
Terence shouts!
You shoot an arrow. The arrow hits the orc.
The orc is moderately wounded.
You shoot an arrow. The arrow hits the orc.
The orc is almost dead.
The orc barely misses you.
You shoot an arrow. The arrow closely misses the orc.
The arrow hits Terence.
Terence is moderately wounded.
The orc misses you. The orc hits you with a +0 club.
Casting: Inner Flame (dangerous; 19% risk of failure)
Confirm with . or Enter, or press ? or * to list all spells.
Aiming: Inner Flame (dangerous; 19% risk of failure)
Press: ? - help, Dir - move target, f/p - orc
Aim: an orc, wielding a +0 club (almost dead, chance to affect: 76%)
You miscast Inner Flame.
You are very lightly contaminated with residual magic.
You feel a bit tired.
Your stasis prevents you from being slowed.
The orc hits you with a +0 club.
Casting: Inner Flame (dangerous; 19% risk of failure)
Confirm with . or Enter, or press ? or * to list all spells.
Aiming: Inner Flame (dangerous; 19% risk of failure)
Press: ? - help, Dir - move target, f/p - orc
Aim: an orc, wielding a +0 club (almost dead, chance to affect: 76%)
The orc is filled with an inner flame.
The orc hits you but does no damage.
Fire: o) +0 shortbow
Press: ? - help, Shift-Dir - straight line, f/p - orc
Aim: an orc, wielding a +0 club (almost dead, inner flame, 60% to hit)
You shoot an arrow. The arrow hits the orc.
The orc explodes!
The fiery explosion engulfs Terence!!
You kill Terence!
The fiery explosion engulfs you!!
Ouch! That really hurt!
* * * LOW HITPOINT WARNING * * *
You are engulfed in blazing flames.
Ouch! That really hurt!
You die...

#### ...°. #..# .)○ #.## °.. #.#
##.. ..) ##.# .... #.# ####..#
...# #)# ####.....# ####
#)###....##.######
#######@#...##..<......#
##.........####.........#
########..#####.######.........#
##........## ##.####...........#
#..######## #..#....#.........#
#.## #####.##.####.###.#####
..#########>.......####.##..#
...............######......##
.########.###### #..#####


There were no monsters in sight!

Vanquished Creatures
  A centaur (D:3)
  Terence (D:3)
  A gnoll (D:1)
  2 adders (D:2)
  A worm (D:2)
  3 dart slugs
  8 orcs
  4 bats
  5 endoplasms
  2 goblins
  5 hobgoblins
  5 jackals (D:1)
  2 quokkas (D:2)
  10 ball pythons
  3 frilled lizards (D:1)
  10 kobolds
  5 rats
68 creatures vanquished.

Notes
Turn   | Place    | Note
-------+----------+-------------------------------------------
     0 | D:1      | Bnni the Formicid Hexslinger began the quest for the Orb.
     0 | D:1      | Reached XP level 1. HP: 15/15 MP: 2/2
   148 | D:1      | Reached XP level 2. HP: 16/21 MP: 3/3
   256 | D:1      | Reached skill level 4 in Hexes
   334 | D:1      | Reached XP level 3. HP: 10/26 MP: 2/5
   338 | D:1      | Learned a level 3 spell: Inner Flame
   493 | D:1      | Found Uhoesoeph's Antique Weapon Boutique.
  1094 | D:2      | Reached XP level 4. HP: 33/33 MP: 6/6
  1275 | D:2      | Found an ancient bone altar of Kikubaaqudgha.
  1699 | D:2      | Reached skill level 1 in Fire Magic
  1800 | D:2      | Identified the +0 ring mail of Xom's Righteous Fury
                  | {Rampage Dex+2 Slay-4}
  1999 | D:3      | Reached XP level 5. HP: 38/38 MP: 7/7
  2305 | D:3      | Noticed a centaur
  2326 | D:3      | Killed a centaur
  2327 | D:3      | Reached skill level 5 in Hexes
  2444 | D:3      | Reached XP level 6. HP: 44/44 MP: 5/9
  2450 | D:3      | Noticed Terence
  2457 | D:3      | Killed Terence
  2457 | D:3      | Engulfed by a cloud of flame

Illustrated notes

Levels and vault maps discovered:
D:1:      minmay_arrival_up_and_down, layout_basic, serial_shops, shop,
          bh_walls_and_bars
D:2:      layout_loops_corners, basic_altar, hangedman_feature_mirror,
          minmay_hexomino_u4
D:3:      layout_rooms, uniq_terence

Skill      XL: |  1  2  3  4  5 |
---------------+----------------+-----
Hexes          | 4 5 |  5.1
Fire Magic     | 1 |  1.4
Ranged Weapons | 3 |  3.4
Fighting       | 2 |  2.3
Spellcasting   | 2 |  2.1
Dodging        | |  1.7

Action                   |  1- 3 |  4- 6 || total
-------------------------+-------+-------++-------
 Fire: Sling             |    99 |    88 ||   187
       Shortbow          |       |    11 ||    11
 Cast: Slow              |     6 |     1 ||     7
       Inner Flame       |       |     4 ||     4
Armor: Robe              |    11 |    13 ||    24
Dodge: Dodged            |    24 |    36 ||    60

Table legend: (Time is in decaauts)
 A = Elapsed time spent in this place.
 B = Non-inter-level travel time spent in this place.
 C = Inter-level travel time spent in this place.
 D = Time resting spent in this place.
 E = Time spent auto-exploring this place.
 F = Levels seen in this place.
 G = Mean time per level.
                   A        B        C        D        E       F      G
               +--------+--------+--------+--------+--------+-----+--------+
         Total |   2511 |   2463 |     48 |     41 |   1975 |   3 |  837.0 |
       Dungeon |   2511 |   2463 |     48 |     41 |   1975 |   3 |  837.0 |
               +--------+--------+--------+--------+--------+-----+--------+

Top non-repeatable levels by time:
     D:1: 1079 daAuts
     D:2: 944 daAuts
     D:3: 486 daAuts
